 Dungeon Crawl Stone Soup version 0.21.0-25-ge575cb9 (webtiles) character file.

354 Mgcat the Ruffian (level 6, -3/54 HPs)
             Began as a Troll Transmuter on Jan 23, 2018.
             Slain by a worker ant (4 damage)
             ... on level 4 of the Dungeon.
             The game lasted 00:06:15 (2565 turns).

Mgcat the Ruffian (Troll Transmuter)                Turns: 2565, Time: 00:06:16

Health: -3/54      AC:  5    Str: 19    XL:     6   Next: 35%
Magic:  8/8        EV: 10    Int: 11    God:
Gold:   96         SH:  0    Dex: 10    Spells: 3/9 levels left

rFire    x . .     SeeInvis .     - Unarmed
rCold    + . .     Gourm    +   (no shield)
rNeg     . . .     Faith    .   b - +0 robe
rPois    .         Spirit   .   (helmet restricted)
rElec    .         Reflect  .   (no cloak)
rCorr    .         Harm     .   (gloves unavailable)
MR       .....                  (boots unavailable)
Stlth    +.........             (no amulet)
HPRegen  0.58/turn              m - ring of flight
MPRegen  0.11/turn              r - ring of ice

@: lethally poisoned (-3 -> -3)
A: large, unfitting armour, claws 3, fast metabolism 3, gourmand, regeneration
1, shaggy fur 1, tough skin 2
a: Evoke Flight


You were on level 4 of the Dungeon.
You were very full.

You visited 1 branch of the dungeon, and saw 4 of its levels.
You also visited: Sewer.

You collected 96 gold pieces.

Inventory:

Missiles
 a - 33 arrows
Armour
 b - a +0 robe (worn)
Jewellery
 m - a ring of flight (left claw)
 r - a ring of ice (right claw)
Scrolls
 e - 2 scrolls of magic mapping {unknown}
 f - 6 scrolls of identify {unknown}
 i - 3 scrolls of remove curse {unknown}
 j - 3 scrolls of immolation {unknown}
 k - 2 scrolls of teleportation {unknown}
 o - 2 scrolls of random uselessness {unknown}
Potions
 g - 6 potions of heal wounds {unknown}
 l - 2 potions of agility {unknown}
 n - a potion of lignification {unknown}
 q - 2 potions of haste {unknown}
Books
 c - a book of Changes

   Spells                             Type                      Level
   a - Beastly Appendage              Transmutation                1
   b - Sticks to Snakes               Transmutation                2
   c - Spider Form                    Transmutation/Poison         3
   d - Ice Form                       Ice/Transmutation            4
   e - Blade Hands                    Transmutation                5
 h - a book of Necromancy

   Spells                             Type                      Level
   a - Pain                           Necromancy                   1
   b - Animate Skeleton               Necromancy                   1
   c - Vampiric Draining              Necromancy                   3
   d - Regeneration                   Charms/Necromancy            3
   e - Animate Dead                   Necromancy                   4
   f - Borgnjor's Vile Clutch         Necromancy/Earth             5
 s - a book of Cantrips

   Spells                             Type                      Level
   a - Confusing Touch                Hexes                        1
   b - Animate Skeleton               Necromancy                   1
   c - Summon Small Mammal            Summoning                    1
   d - Apportation                    Translocation                1
Comestibles
 d - 5 rations
 p - 4 chunks of flesh


   Skills:
 - Level 0.7 Fighting
 - Level 1.5 Dodging
 + Level 5.8 Unarmed Combat
 + Level 2.2 Spellcasting
 + Level 2.6 Transmutations


You had 3 spell levels left.
You knew the following spells:

 Your Spells              Type           Power        Failure   Level  Hunger
a - Beastly Appendage     Tmut           #.....       10%         1    ##.....
b - Sticks to Snakes      Tmut           #.......     14%         2    ###....
c - Spider Form           Tmut/Pois      #.........   45%         3    ####...


Dungeon Overview and Level Annotations

Branches:
Dungeon (4/15)
 Temple: D:4-7

Altars:
Hepliaklqana
Ru


Innate Abilities, Weirdness & Mutations

You are too large for most types of armour.
You have claws for hands.
Your metabolism is lightning-fast.
You like to eat raw meat.
Your natural rate of healing is unusually fast.
You are covered in fur. (AC +1)
You have very tough skin. (AC +2)


Message History

You are too injured to fight recklessly!
You are too injured to fight recklessly!
You are too injured to fight recklessly!
The worker ant barely misses you. The ogre barely misses you.
You scratch the ogre.
The ogre is heavily wounded.
You feel sick. The worker ant bites you. The ogre barely misses you.
You barely miss the ogre.
The ogre is heavily wounded.
The worker ant bites you but does no damage.
You closely miss the ogre.
The ogre is heavily wounded.
You feel sick. The worker ant bites you! The ogre hits you with a giant club!!
* * * LOW HITPOINT WARNING * * *
Okay, then.
Unknown command.
Unknown command.
* * * LOW HITPOINT WARNING * * *
You feel sick. The worker ant bites you.
You die...

#......# #......+
#......# ..
#......# .....
#......# ......
#......####......
#......##.......
#....@a.......#
..#
#....O........#
...#
#.............#
..#
#.............#
#.#
####+####.....#
#.## #.# #.....#
#..# #.# #.....#
#### #..##
#.####.....# ..(#
#...#
#..........#


You could see an ogre and a worker ant.

Vanquished Creatures
  Purgy (Sewer)
  An ogre (D:4)
  8 adders
  3 worms
  2 dart slugs (D:1)
  A leopard gecko (D:2)
  4 orcs (D:3)
  3 ball pythons
  2 giant cockroaches
  13 goblins
  8 hobgoblins
  3 jackals
  7 bats
  11 frilled lizards
  11 kobolds
  8 rats
86 creatures vanquished.

Notes
Turn   | Place    | Note
-------+----------+-------------------------------------------
     0 | D:1      | Mgcat the Troll Transmuter began the quest for the Orb.
     0 | D:1      | Reached XP level 1. HP: 18/18 MP: 1/1
   117 | D:1      | Reached XP level 2. HP: 26/26 MP: 2/2
   246 | D:1      | Reached skill level 4 in Unarmed Combat
   581 | D:1      | Reached XP level 3. HP: 28/32 MP: 3/3
  1138 | D:2      | Reached XP level 4. HP: 13/40 MP: 4/4
  1260 | D:2      | Reached skill level 5 in Unarmed Combat
  1268 | D:2      | Learned a level 2 spell: Sticks to Snakes
  1550 | D:3      | Found a glowing drain.
  1561 | Sewer    | Entered a sewer
  1565 | Sewer    | Noticed Purgy
  1574 | Sewer    | Killed Purgy
  1574 | Sewer    | Reached XP level 5. HP: 28/46 MP: 4/6
  2126 | D:3      | Found a hazy altar of Hepliaklqana.
  2463 | D:4      | Learned a level 3 spell: Spider Form
  2464 | D:4      | Reached XP level 6. HP: 54/54 MP: 8/8
  2494 | D:4      | Found a sacrificial altar of Ru.
  2563 | D:4      | HP: 1/54 [ogre/giant club (20)]
  2565 | D:4      | Slain by a worker ant

Skill      XL: |  1  2  3  4  5 |
---------------+----------------+-----
Unarmed Combat | 4 5 |  5.8
Transmutations | 2 |  2.6
Spellcasting   | 2 |  2.2
Fighting       | |  0.7
Dodging        | |  1.5

Action                   |  1- 3 |  4- 6 || total
-------------------------+-------+-------++-------
Melee: Unarmed           |   126 |   138 ||   264
       Punch             |     2 |     1 ||     3
       Kick              |       |     3 ||     3
       Headbutt          |       |     1 ||     1
 Cast: Beastly Appendage |       |     3 ||     3
 Stab: Sleeping          |       |     1 ||     1
  Eat: Chunk             |    16 |    13 ||    29
Armor: Robe              |    41 |    39 ||    80
Dodge: Dodged            |    58 |    83 ||   141
